 Dungeon Crawl Stone Soup version 0.31.0-11-ge490571c62 (webtiles) character file.

Game seed: 14629674563039265747

75331 Aviak the Champion of Chaos (level 15, -37/129 HPs)
             Began as a Merfolk Conjurer on Feb 1, 2024.
             Was the Champion of Makhleb.
             Annihilated by an ettin
             ... wielding a +0 dire flail
              (47 damage)
             ... on level 1 of the Orcish Mines.
             The game lasted 00:50:29 (22422 turns).

Aviak the Champion of Chaos (Merfolk Conjurer)     Turns: 22422, Time: 00:50:30

Health: -37/129    AC: 17    Str:  8    XL:     15   Next: 49%
Magic:  27/27      EV: 28    Int: 21    God:    Makhleb [******]
Gold:   2186       SH:  5    Dex: 23    Spells: 15/18 levels left

rFire   . . .        N - +2 scimitar (flame)
rCold   + + +        (no shield)
rNeg    . . .        B - +1 leather armour {rPois}
rPois   +            e - +2 hat of Macaroni {rC+ rCorr Dex+4}
rElec   .            x - +0 cloak
rCorr   +            c - +2 pair of gloves {Stlth+}
SInv    .            g - +2 pair of boots of Xiowug {rC++ Int+3}
Will    +....        f - amulet of reflection
Stlth   +++          E - +5 ring of evasion
HPRegen 0.41/turn    A - +4 ring of protection
MPRegen 0.20/turn

%: reflection
@: silenced
A: (nimble swimmer 2), mertail
a: Renounce Religion


You were on level 1 of the Orcish Mines.
You worshipped Makhleb.
Makhleb was exalted by your worship.
You visited 4 branches of the dungeon, and saw 19 of its levels.
You also visited: Bailey and Gauntlet.

You collected 2913 gold pieces.
You spent 727 gold pieces at shops.

Inventory:

Hand Weapons
 N - a +2 scimitar of flaming (weapon)
 X - a +2 vampiric rapier {!w}
Missiles
 J - a throwing net {!f}
Armour
 c - a +2 pair of gloves of stealth (worn)
 e - the +2 hat of Macaroni (worn) {rC+ rCorr Dex+4}
   (You found it in a Gauntlet)

   Dex+4:     It affects your dexterity (+4).
   rC+:       It protects you from cold.
   rCorr:     It protects you from acid and corrosion.
 g - the +2 pair of boots of Xiowug (worn) {rC++ Int+3}
   (You found it in a Gauntlet)

   Int+3:     It affects your intelligence (+3).
   rC++:      It greatly protects you from cold.
 h - +0 acid dragon scales {rCorr}
 q - the +2 ring mail "Meit" {-Cast rF+ Str+4}
   (You found it on level 10 of the Dungeon)

   Str+4:     It affects your strength (+4).
   rF+:       It protects you from fire.
   -Cast:     It prevents spellcasting.
 x - a +0 cloak (worn)
 B - a +1 leather armour of poison resistance (worn)
 O - the +0 robe "Oxzoen" {rC+++ Dex+4 Stlth-}
   (You found it in a Gauntlet)

   Dex+4:     It affects your dexterity (+4).
   rC+++:     It renders you almost immune to cold.
   Stlth-:    It makes you less stealthy.
 V - a +2 leather armour of fire resistance
Jewellery
 f - an amulet of reflection (around neck)
 u - a ring of resist corrosion
 A - a +4 ring of protection (right hand)
 C - a ring of poison resistance
 E - a +5 ring of evasion (left hand)
 Q - an amulet of the acrobat
Wands
 k - a wand of flame (6)
 y - a wand of digging (12)
 K - a wand of acid (13)
 Y - a wand of roots (4)
Scrolls
 d - 3 scrolls of enchant armour
 j - 2 scrolls of poison
 m - 2 scrolls of torment {!r}
 n - a scroll of brand weapon {unknown}
 r - 2 scrolls of enchant weapon
 s - a scroll of summoning {!r}
 t - a scroll of teleportation
 v - 7 scrolls of noise {!r!r}
 H - 3 scrolls of revelation
 L - 3 scrolls of fear {unknown}
 W - 2 scrolls of vulnerability {unknown}
Potions
 a - 2 potions of brilliance
 b - 2 potions of magic
 l - 3 potions of cancellation
 D - a potion of might
 F - a potion of mutation {unknown}
 G - 2 potions of berserk rage
 I - 4 potions of attraction {unknown}
 M - 6 potions of curing {unknown}
 P - a potion of ambrosia
 S - 6 potions of lignification {unknown}
 T - a potion of haste {unknown}
Miscellaneous
 o - a tin of tremorstones (inert)
 w - a sack of spiders (inert)
 z - a phantom mirror
 R - a phial of floods
 U - a lightning rod (4/4)


   Skills:
 - Level 15.0 Fighting
 - Level 4.0(10.2) Short Blades
 + Level 14.5(14.7) Long Blades
 - Level 15.0 Dodging
 - Level 2.1 Stealth
 - Level 2.0 Spellcasting
 - Level 4.0 Conjurations
 - Level 16.0 Invocations
 + Level 6.4 Evocations


You had 15 spell levels left.
You knew the following spells:

 Your Spells              Type           Power      Damage    Failure   Level
a - Magic Dart            Conj           72%        1d6       4%          1
b - Searing Ray           Conj           36%        2d5       6%          2

Your spell library contained the following spells:

 Spells                   Type           Power      Damage    Failure   Level
 Sting                    Conj/Alch      40%        1d5       10%         1
 Apportation              Tloc           4%         N/A       22%         1
 Necrotise                Necr           8%         1d4       22%         1
 Sandblast                Erth           4%         2d4       22%         1
 Summon Small Mammal      Summ           8%         N/A       22%         1
 Inner Flame              Hex/Fire       2%         N/A       54%         3
 Passwall                 Erth           2%         N/A       54%         3
 Fulminant Prism          Conj/Alch      5%         3d7       67%         4
 Iskenderun's Mystic Bla  Conj/Tloc      10%        2d4       67%         4
 Animate Dead             Necr           2%         N/A       91%         4
 Irradiate                Conj/Alch      5%         3d13      95%         5
 Borgnjor's Vile Clutch   Necr/Erth      1%         N/A       99%         5
 Death Channel            Necr           1%         N/A       100%        6
 Malign Gateway           Summ/Tloc      1%         N/A       100%        7
 Ignition                 Fire           1%         3d3       100%        8
 Summon Horrible Things   Summ           1%         N/A       100%        8
 Shatter                  Erth           1%         3d5*      100%        9


Dungeon Overview and Level Annotations

Branches:
Dungeon (12/15)            Temple (1/1) D:6            Lair (5/5) D:8
  Swamp (0/4) Lair:3        Snake (0/4) Lair:3        Slime (0/5) Lair:4
    Orc (1/2) D:9          Bailey (visited)         Gauntlet (visited)

Altars:
Ashenzari
Cheibriados
Dithmenos
Elyvilon
Fedhas
Gozag
Hepliaklqana
Kikubaaqudgha
Makhleb
Nemelex Xobeh
Okawaru
Qazlal
Ru
Sif Muna
Trog
Uskayaw
Vehumet
Wu Jian
Xom
Yredelemnul
Zin
The Shining One
Lugonu

Shops:
D:2 :   D:5 *   D:6 :   D:10 *

Portals:
Abyss: D:9

Annotations:
D:9 2 runed translucent doors
Lair:4 exclusion: 3 oklob plants
Orc:1 1 transporter, 1 runed translucent door


Innate Abilities, Weirdness & Mutations

((You are very nimble when in or above water. (Stealth+, EV+, Speed+++)))
Your lower body shifts to a powerful aquatic tail in water.


Message History

The two-headed ogre goes berserk!
The two-headed ogre completely misses you.
You block the two-headed ogre's attack.
You slash the two-headed ogre! You burn the two-headed ogre.
The two-headed ogre is severely wounded.
The moth of wrath angrily waves its antennae.
You barely miss the two-headed ogre.
The two-headed ogre is severely wounded.
The two-headed ogre completely misses you.
The two-headed ogre hits you with a +0 giant club!
The moth of wrath goads the ettin on!
The ettin goes berserk!
You hit the two-headed ogre. You burn the two-headed ogre.
The two-headed ogre is severely wounded.
The two-headed ogre completely misses you.
The two-headed ogre hits you with a +0 giant club!!
You slash the two-headed ogre! You burn the two-headed ogre.
The two-headed ogre is almost dead.
The ettin misses you. x2; The two-headed ogre closely misses you.
You block the two-headed ogre's attack.
You slash the two-headed ogre! You burn the two-headed ogre.
The two-headed ogre is almost dead.
The ettin hits you with a +0 dire flail!!
The ettin misses you. The ettin attacks as it pursues you!
The ettin completely misses you.
The ettin hits you with a +0 dire flail!!
The two-headed ogre hits you with a +0 giant club!!!
* * * LOW HITPOINT WARNING * * *
The two-headed ogre hits you but does no damage.
Magic scrolls do not work when you're silenced!
Okay, then.
Aiming: Corrosive Bolt
Press: ? - help, Shift-Dir - straight line, f - two-headed ogre
Aim: a two-headed ogre, wielding two +0 giant clubs (silenced, almost dead, berserk, 88% to hit)
The bolt of acid hits the two-headed ogre!!
The acid corrodes the two-headed ogre!
You kill the two-headed ogre!
Makhleb accepts your kill.
You feel better.
The ettin hits you with a +0 dire flail!!!
You die... ≈).~.#..# ##### #≈~.....# #≈≈~....# ## #### ### #≈≈....## §#eyeee

##.# ≈≈.~...# ######### #...
~~~....# ##........ ##.# ......##
##.)....... ####.#
......########.C)###..⌠. #y#...
......#....#y#..@#y#$... #####..
...........###''####$$...##......
............##...## $..##......
....##.....©##©÷.#W+_[(..##©.....
#....##.....##...###)((.C##......
.##.###....###++### $$...##......
..#.###....#y#. ... #####.#
.#...#########. ⌠ #y#... .##.##
###...


You could see an ettin (berserk), a deep elf sorcerer, a deep elf elementalist
(repels missiles), a deep elf demonologist and 3 moths of wrath.

Vanquished Creatures
  Erolcha (D:11)
  5 hydras
  5 two-headed ogres
  6 catoblepae
  3 death yaks (Lair:4)
  Nergalle (Lair:2)
  A skyshark (Lair:5)
  A lindwurm (Lair:5)
  3 orc knights
  A necromancer (D:9)
  5 manticores
  8 elephants
  10 black mambas
  17 cane toads
  2 gargoyles
  5 rime drakes
  Maggie (D:9)
  An unseen horror (D:11)
  4 orange demons (Orc:1)
  A kobold demonologist (D:11)
  6 komodo dragons
  7 polar bears
  A hydra zombie (D:10)
  4 trolls
  A tyrant leech (Lair:3)
  Prince Ribbit (D:6)
  20 blink frogs
  6 dream sheep
  A shadow (D:10)
  5 basilisks
  3 wyverns
  Eustachio (D:5)
  64 yaks
  3 steam dragons
  3 wargs
  Menkaure (D:6)
  An acid dragon (D:11)
  2 swamp worms (Lair:3)
  2 two-headed ogre zombies (D:10)
  27 water moccasins
  A swamp drake (Lair:5)
  10 orc warriors
  3 sky beasts
  A black bear (D:6)
  An elephant zombie (D:10)
  8 ogres
  4 ice beasts (D:8)
  A laughing skull (D:10)
  26 wolves
  2 centaurs (D:7)
  9 kobold brigands
  10 bullfrogs
  Blork the orc (D:6)
  A gnoll sergeant (D:8)
  9 scorpions
  A small abomination (Gauntlet)
  3 wights (D:8)
  7 killer bees (D:9)
  6 electric eels
  3 wolf zombies (D:10)
  2 howler monkeys (D:8)
  3 centaur zombies (D:10)
  2 lava snakes (Lair:5)
  A bombardier beetle (D:4)
  A gnoll bouda (D:7)
  A quasit (D:5)
  13 orc priests
  8 hounds
  5 sleepcaps
  3 iguanas
  16 orc wizards
  A polar bear simulacrum (D:9)
  2 hell rats (Lair:3)
  4 yak simulacra (D:9)
  2 killer bee zombies (D:10)
  Robin (D:3)
  4 gnolls (D:8)
  10 adders
  8 river rats (Lair:3)
  2 shadow imps (D:5)
  2 white imps (D:5)
  4 ufetubi
  2 dart slugs
  2 ribbon worms
  67 orcs
  3 bats
  8 endoplasms
  2 giant cockroaches
  19 goblins
  9 hobgoblins
  4 quokkas
  9 ball pythons
  4 frilled lizards
  32 kobolds
  8 rats
  6 river rat simulacra (D:9)
617 creatures vanquished.

Vanquished Creatures (collateral kills)
  A balrug (Gauntlet)
  A minotaur (Gauntlet)
  An ice dragon (Lair:5)
  A swamp dragon (Lair:5)
  An orc knight (Bailey)
  4 large abominations
  2 elephants (Lair:2)
  A cane toad (Lair:2)
  2 komodo dragons
  A rime drake (Lair:5)
  A minotaur zombie (Gauntlet)
  2 dream sheep (Lair:5)
  4 basilisks
  12 yaks (Lair:2)
  3 acid dragons (Lair:5)
  An orc warrior (Bailey)
  2 wolves (Lair:2)
  4 small abominations (Gauntlet)
  A spriggan zombie (D:10)
  2 iguanas (Lair:5)
  5 kobolds (D:8)
52 creatures vanquished.

Vanquished Creatures (others)
  Nessos (Lair:5)
  A bullfrog (Lair:2)
  A howler monkey (D:8)
  A white imp (D:5)
  2 kobolds
6 creatures vanquished.

Grand Total: 675 creatures vanquished

Notes
Turn   | Place    | Note
-------+----------+-------------------------------------------
     0 | D:1      | Aviak the Merfolk Conjurer began the quest for the Orb.
     0 | D:1      | Reached XP level 1. HP: 13/13 MP: 3/3
   175 | D:1      | Reached XP level 2. HP: 20/20 MP: 3/5
   178 | D:1      | Learned a level 2 spell: Searing Ray
   337 | D:1      | Reached skill level 1 in Fighting
   855 | D:2      | Reached XP level 3. HP: 26/26 MP: 2/6
  1360 | D:2      | Reached XP level 4. HP: 33/33 MP: 4/7
  1642 | D:2      | Found Veattoex's Book Shoppe.
  2192 | D:3      | Noticed Robin
  2218 | D:3      | Killed Robin
  2219 | D:3      | Reached XP level 5. HP: 31/39 MP: 3/8
  3034 | D:4      | Reached skill level 5 in Dodging
  3244 | D:4      | Reached XP level 6. HP: 46/48 MP: 9/9
  3989 | D:5      | Entered Level 5 of the Dungeon
  4298 | D:5      | Reached skill level 5 in Fighting
  4298 | D:5      | Reached XP level 7. HP: 18/56 MP: 1/10
  4495 | D:5      | Noticed Eustachio
  4511 | D:5      | Killed Eustachio
  4868 | D:5      | Identified the +0 robe of Daffodils {Rampage *Corrode rC++}
  4971 | D:5      | Reached XP level 8. HP: 50/65 MP: 2/11
  5267 | D:5      | Found Aleutil's Serpentskin Sales.
  5272 | D:5      | Bought a ring of poison resistance for 240 gold pieces
  5599 | D:6      | Noticed Menkaure
  5609 | D:6      | Killed Menkaure
  5722 | D:6      | Found Ibraynux's Book Boutique.
  5804 | D:6      | Noticed Blork the orc
  5815 | D:6      | Killed Blork the orc
  6246 | D:6      | Found a staircase to the Ecumenical Temple.
  6259 | Temple   | Entered the Ecumenical Temple
  6268 | Temple   | Became a worshipper of Makhleb the Destroyer
  6300 | D:6      | Noticed Prince Ribbit
  6317 | D:6      | Killed Prince Ribbit
  6318 | D:6      | Reached skill level 10 in Dodging
  6318 | D:6      | Reached skill level 1 in Invocations
  6318 | D:6      | Reached XP level 9. HP: 57/74 MP: 12/12
  6675 | D:7      | Reached skill level 2 in Invocations
  6858 | D:7      | Reached skill level 3 in Invocations
  7220 | D:8      | Identified the +0 robe of Kindness {rC+ MP+9 Str+4}
  7383 | D:8      | Reached skill level 4 in Invocations
  7434 | D:8      | Reached * piety under Makhleb
  7532 | D:8      | Reached skill level 5 in Invocations
  7566 | D:8      | Noticed a rime drake
  7602 | D:8      | Killed a rime drake
  7603 | D:8      | Reached skill level 10 in Fighting
  7603 | D:8      | Reached skill level 6 in Invocations
  7603 | D:8      | Reached XP level 10. HP: 18/85 MP: 14/14
  7623 | D:8      | Found a staircase to the Lair.
  7670 | D:8      | Found a flagged portal.
  7706 | Bailey   | Entered a bailey
  8022 | Bailey   | Reached ** piety under Makhleb
  8077 | Bailey   | Noticed an orc knight
  8078 | Bailey   | Noticed an orc knight
  8089 | Bailey   | Killed an orc knight
  8090 | Bailey   | Reached skill level 7 in Invocations
  8094 | Bailey   | Killed an orc knight
  8512 | D:8      | Found a snail-covered altar of Cheibriados.
  8979 | D:9      | Reached skill level 1 in Long Blades
  8979 | D:9      | Reached skill level 8 in Invocations
  9052 | D:9      | Noticed Maggie
  9135 | D:9      | Killed Maggie
  9316 | D:9      | Found a staircase to the Orcish Mines.
  9353 | D:9      | Reached skill level 9 in Invocations
  9363 | D:9      | Reached XP level 11. HP: 94/94 MP: 17/17
  9422 | D:9      | Noticed a necromancer
  9441 | D:9      | Killed a necromancer
  9442 | D:9      | Reached skill level 10 in Invocations
  9609 | D:9      | Reached *** piety under Makhleb
  9942 | D:9      | Found a one-way gate to the infinite horrors of the Abyss.
  9942 | D:9      | Identified the +3 dagger of Subterfuge {distort, Int+2}
  9965 | D:9      | Found a large runed translucent door.
  9965 | D:9      | Found a large runed translucent door.
  9969 | D:9      | Found a corrupted altar of Lugonu.
  9969 | D:9      | Noticed a cyan ugly thing
 10213 | D:10     | Entered Level 10 of the Dungeon
 10224 | D:10     | Reached skill level 5 in Long Blades
 10275 | D:10     | Noticed a large abomination
 10356 | D:10     | Found a basalt altar of Yredelemnul.
 10450 | D:10     | Killed a large abomination
 10453 | D:10     | HP: 2/95 [spriggan zombie (2)]
 10727 | D:10     | Identified the +2 ring mail "Meit" {-Cast rF+ Str+4}
 10791 | D:10     | Reached skill level 11 in Invocations
 11038 | D:10     | Found Pom Ysk's Assorted Antiques.
 11067 | D:10     | Bought a dazzling short sword for 200 gold pieces
 11067 | D:10     | Identified the +1 short sword "Omuheiru" {freeze, Str+3}
                  | (You bought it in a shop on level 10 of the Dungeon)
 11067 | D:10     | Bought a shiny helmet for 187 gold pieces
 11067 | D:10     | Bought a scroll of identify for 50 gold pieces
 11067 | D:10     | Bought a scroll of identify for 50 gold pieces
 11440 | D:11     | Reached XP level 12. HP: 101/103 MP: 20/20
 11464 | D:11     | Noticed a two-headed ogre
 11474 | D:11     | Killed a two-headed ogre
 11475 | D:11     | Reached skill level 12 in Invocations
 11520 | D:11     | Noticed a two-headed ogre
 11544 | D:11     | Reached **** piety under Makhleb
 11554 | D:11     | Killed a two-headed ogre
 11592 | D:11     | Noticed a two-headed ogre
 11599 | D:11     | Killed a two-headed ogre
 12092 | D:11     | Noticed Erolcha
 12107 | D:11     | Killed Erolcha
 12668 | D:12     | Reached skill level 13 in Invocations
 12772 | Lair:1   | Entered Level 1 of the Lair of Beasts
 12984 | Lair:1   | Noticed a catoblepas
 13007 | Lair:1   | Killed a catoblepas
 13541 | Lair:1   | Reached ***** piety under Makhleb
 13546 | Lair:1   | Reached skill level 14 in Invocations
 13546 | Lair:1   | Reached XP level 13. HP: 112/112 MP: 23/23
 14690 | Lair:2   | Noticed Nergalle
 14701 | Lair:2   | Killed Nergalle
 14925 | Lair:2   | Reached skill level 10 in Long Blades
 15220 | Lair:2   | Identified the staff "Piucytz" {rF+ Str+4 Conj Air}
 15537 | Lair:3   | Reached skill level 15 in Invocations
 15584 | Lair:3   | Found a gate leading to a gauntlet.
 15596 | Gauntlet | Entered a Gauntlet
 15596 | Gauntlet | Found a transporter.
 15599 | Gauntlet | Found a transporter.
 15619 | Gauntlet | Found a transporter.
 15623 | Gauntlet | Found a transporter.
 15627 | Gauntlet | Noticed a balrug
 15629 | Gauntlet | Found a transporter.
 15649 | Gauntlet | Found a transporter.
 15652 | Gauntlet | Found a transporter.
 15656 | Gauntlet | Found a transporter.
 15664 | Gauntlet | Found the +3 Mad Mage's Maulers {Infuse+∞ VampMP -Cast}
 15679 | Gauntlet | Found a large runed translucent door.
 15679 | Gauntlet | Found a large runed translucent door.
 15680 | Gauntlet | Found a large runed translucent door.
 15681 | Gauntlet | Found a large runed translucent door.
 15681 | Gauntlet | Noticed a dire elephant
 15682 | Gauntlet | Found a runed translucent gate.
 15683 | Gauntlet | Found a transporter.
 15683 | Gauntlet | Found a runed translucent gate.
 15684 | Gauntlet | Found a large runed translucent door.
 15684 | Gauntlet | Found a runed translucent gate.
 15685 | Gauntlet | Found a large runed translucent door.
 15685 | Gauntlet | Found a large runed translucent door.
 15686 | Gauntlet | Found a large runed translucent door.
 15687 | Gauntlet | Found a large runed translucent door.
 15696 | Gauntlet | Found a large runed translucent door.
 15696 | Gauntlet | Found a large runed translucent door.
 15696 | Gauntlet | Found a runed translucent door.
 15696 | Gauntlet | Found a runed translucent door.
 15697 | Gauntlet | Found a large runed translucent door.
 15698 | Gauntlet | Found a large runed translucent door.
 15700 | Gauntlet | Found a transporter.
 15704 | Gauntlet | Found a transporter.
 15707 | Gauntlet | Found a large runed translucent door.
 15707 | Gauntlet | Found a large runed translucent door.
 15715 | Gauntlet | Found a transporter.
 15739 | Gauntlet | Found a large runed translucent door.
 15811 | Gauntlet | Identified the +2 pair of boots of Xiowug {rC++ Int+3}
 16005 | Gauntlet | Killed a balrug
 16014 | Gauntlet | Identified the +2 hat of Macaroni {rC+ rCorr Dex+4}
 16172 | Gauntlet | Noticed a minotaur
 16180 | Gauntlet | Killed a minotaur
 16202 | Gauntlet | Identified the +0 robe "Oxzoen" {rC+++ Dex+4 Stlth-}
 16309 | Lair:3   | Identified a scroll of acquirement
 16314 | Lair:3   | Acquired 751 gold pieces
 16551 | Lair:3   | Found a stormy altar of Qazlal.
 16564 | Lair:3   | Reached XP level 14. HP: 121/121 MP: 25/25
 16907 | Lair:3   | Found a staircase to the Snake Pit.
 17104 | Lair:3   | Reached skill level 15 in Fighting
 17364 | Lair:3   | Found a staircase to the Swamp.
 17559 | Lair:4   | Found a broken altar of Ashenzari.
 18275 | Lair:4   | Got Dispater's Handbook of Tephra
 18309 | Lair:4   | Found a staircase to the Slime Pits.
 19048 | Lair:5   | Entered Level 5 of the Lair of Beasts
 19057 | Lair:5   | Reached skill level 16 in Invocations
 19135 | Lair:5   | Noticed a balrug
 19426 | Lair:5   | Reached skill level 1 in Evocations
 20098 | Lair:5   | Noticed Nessos
 20154 | Lair:5   | Reached XP level 15. HP: 11/129 MP: 27/27
 20717 | Lair:5   | Killed Nessos
 21002 | Lair:5   | Reached skill level 5 in Evocations
 21633 | Orc:1    | Entered Level 1 of the Orcish Mines
 21705 | Orc:1    | Reached skill level 15 in Dodging
 22180 | Orc:1    | Reached ****** piety under Makhleb
 22293 | Orc:1    | Found a transporter.
 22406 | Orc:1    | Found a transporter.
 22406 | Orc:1    | Found a runed translucent door.
 22406 | Orc:1    | Found a bloodstained altar of Trog.
 22406 | Orc:1    | Found the +8 Wrath of Trog {antimagic, *Rage Rampage}
 22408 | Orc:1    | Noticed a deep elf sorcerer
 22409 | Orc:1    | Noticed a deep elf elementalist
 22421 | Orc:1    | HP: 3/129 [two-headed ogre/+0 giant club (36)]
 22422 | Orc:1    | Annihilated by an ettin

Illustrated notes

Levels and vault maps discovered:
D:1:      ebering_trefoil_3fold, layout_loops_ring, minmay_misc_feat_ornament
D:2:      cheibrodos_helix_gallery, layout_basic, serial_shops, shop,
          item_on_display_a
D:3:      layout_basic, patterned_corridor, uniq_robin
D:4:      layout_basic, minmay_misc_feat_tower, nicolae_zen_rock_garden
D:5:      layout_cave_pods, serial_demonic, serial_demonic_d, serial_demonic_f,
          serial_demonic_c, serial_demonic_c, guppyfry_shop_venom,
          uniq_eustachio
D:6:      layout_loops_ring, minmay_temple_entry_stoned_glass,
          nicolae_take_the_stairs, uniq_prince_ribbit1, uniq_menkaure,
          uniq_blork_the_orc
D:7:      layout_rooms
D:8:      layout_basic, nicolae_overflow_crystal_walls, hellmonk_lair_entry_icy,
          enter_bailey_5, kennysheep_potato
D:9:      due_chaos_kobolds, layout_cross, david_orc_3, eino_house_with_fridge,
          uniq_maggie
D:10:     layout_rooms, serial_shops, shop_statue, roadster_capsule_ark_zombie
D:11:     layout_layer_cave, chequers_jeans, uniq_erolcha
D:12:     layout_loops_cross, serial_shops, nicolae_shop_crystal, serial_glass,
          glass_columns_c, glass_columns_b, glass_columns_c, glass_columns_a,
          glass_columns_a, glass_columns_c, feat_on_display, item_on_display_a,
          minmay_strange_pillars, trog_hazing_becter, uniq_maurice
Temple:   compressed_dpeg_triangle_lava_temple
Lair:1:   beast_lair_carwin_large_4, layout_cave_pods, grunt_megastairs_4
Lair:2:   layout_long_grid, serial_bayou_shore_a, grunt_megastairs_2,
          lemuel_fruit_fields, uniq_nergalle
Lair:3:   gammafunk_indiana_jones, layout_gridlike, palyth_hydra_swamp_entry,
          minmay_snake_entry_six_corridors, basic_altar, gauntlet_entry_generic,
          kennysheep_rathole
Lair:4:   layout_cave_pods, minmay_slime_entry_oklob_enclosed, basic_altar
Lair:5:   guppyfry_lair_end_dragon, layout_cave_pods, hangedman_lair_in_review,
          minmay_stone_trees_small, nicolae_lair_liquid_snakes, uniq_nessos
Orc:1:    emtedronai_trogs_sanctum, layout_caves, nicolae_orc_flooded_monolith,
          einodemon_barbed_minivault

Skill      XL: |  1  2  3  4  5  6  7  8  9 10 11 12 13 14 15 |
---------------+----------------------------------------------+-----
Dodging        | 3 4 5 6 8 10 11 14 15 | 15.0
Fighting       | 1 2 3 5 6 8 10 11 12 13 14 15 | 15.0
Conjurations   | 4 |  4.0
Short Blades   | 2 4 |  4.0
Invocations    | 1 6 9 11 14 15 16 | 16.0
Long Blades    | 3 6 9 11 13 14 | 14.5
Evocations     | 4 6 |  6.4
Stealth        | |  2.1
Spellcasting   | |  2.0

Action                     |  1- 3 |  4- 6 |  7- 9 | 10-12 | 13-15 || total
---------------------------+-------+-------+-------+-------+-------++-------
  Melee: Short sword       |    32 |    17 |       |       |       ||    49
         Dagger            |       |   158 |   402 |   243 |       ||   803
         Punch             |       |     1 |     9 |    20 |    22 ||    52
         Scimitar          |       |       |       |   563 |  1136 ||  1699
         Tailslap          |       |       |       |     5 |    11 ||    16
   Cast: Magic Dart        |    65 |    65 |     6 |    13 |     1 ||   150
         Searing Ray       |     1 |     7 |    16 |    25 |       ||    49
 Invoke: Lesser Servant of |       |       |       |     3 |     1 ||     4
         Minor Destruction |       |       |       |     2 |       ||     2
         Greater Servant o |       |       |       |       |     9 ||     9
  Evoke: Wand              |       |       |    19 |    11 |    12 ||    42
         Phial of floods   |       |       |       |     1 |     1 ||     2
         Tin of tremorston |       |       |       |       |     3 ||     3
         Sack of spiders   |       |       |       |       |     1 ||     1
    Use: Scroll            |       |       |     7 |     9 |     9 ||    25
         Potion            |       |       |     1 |     3 |     4 ||     8
   Stab: Sleeping          |       |     1 |     4 |     4 |    11 ||    20
         Distracted        |       |       |     1 |     1 |     2 ||     4
         Betrayed ally     |       |       |       |     1 |       ||     1
         Petrified         |       |       |       |     1 |     3 ||     4
 Armour: Robe              |    27 |    73 |    10 |       |       ||   110
         Leather armour    |       |       |   110 |   271 |   454 ||   835
  Dodge: Dodged            |    23 |   206 |   507 |   970 |  1191 ||  2897
  Block: Other             |       |       |       |   218 |   223 ||   441
         Reflection        |       |       |       |     2 |     6 ||     8
